 Dungeon Crawl Stone Soup version 0.27-a0-972-gd1521fd518 (webtiles) character file.

Game seed: 7651651217374307690

19 Froggeryz the Insei (level 2, -1/23 HPs)
             Began as a Demigod Transmuter on Apr 14, 2021.
             Slain by a kobold
             ... wielding a +0 whip
              (5 damage)
             ... on level 1 of the Dungeon.
             The game lasted 00:00:51 (602 turns).

Froggeryz the Insei (Demigod Transmuter)             Turns: 602, Time: 00:00:52

Health: -1/23      AC:  2    Str: 11    XL:     2   Next: 39%
Magic:  7/7        EV: 12    Int: 15    God:
Gold:   0          SH:  0    Dex: 14    Spells: 3/4 levels left

rFire    . . .     SeeInvis .     - Unarmed
rCold    . . .     Faith    .   (no shield)
rNeg     . . .     Spirit   .   a - +0 robe
rPois    .         Reflect  .   (no helmet)
rElec    .         Harm     .   (no cloak)
rCorr    .         Rampage  .   (no gloves)
Will     .....                  (no boots)
Stlth    +.........             (no amulet)
HPRegen  0.07/turn              (no ring)
MPRegen  0.10/turn              (no ring)

@: no status effects
A: high mp 1, forlorn
a: no special abilities


You were on level 1 of the Dungeon.
You visited 1 branch of the dungeon, and saw 1 of its levels.

Inventory:

Armour
 a - a +0 robe (worn)
Scrolls
 b - a scroll of amnesia {unknown}


   Skills:
 + Level 1.4 Fighting
 - Level 1.7 Dodging
 * Level 3.3 Unarmed Combat
 - Level 1.7 Spellcasting
 - Level 1.7 Transmutations


You had 3 spell levels left.
You knew the following spells:

 Your Spells              Type           Power      Damage    Failure   Level
a - Beastly Appendage     Tmut           12%        N/A       11%         1

Your spell library contained the following spells:

 Spells                   Type           Power      Damage    Failure   Level
 Wereblood                Tmut           6%         N/A       17%         2
 Spider Form              Tmut/Pois      1%         N/A       43%         3
 Ice Form                 Ice/Tmut       3%         N/A       85%         4
 Hydra Form               Tmut           3%         N/A       97%         5


Dungeon Overview and Level Annotations

Branches:
Dungeon (1/15)


Innate Abilities, Weirdness & Mutations

Your attributes grow dramatically as you level up.
You have an increased reservoir of magic. (+10% MP)
You shall have no god before yourself.


Message History

You closely miss the gnoll.
The gnoll is heavily wounded.
The frilled lizard misses you. The goblin barely misses you.
You hit the gnoll. You headbutt the gnoll.
You kill the gnoll!
The bat hits you but does no damage. The frilled lizard closely misses you.
The goblin barely misses you.
You have reached level 2!
You barely miss the goblin. Your headbutt misses the goblin.
The bat misses you. x2; The frilled lizard misses you.
The goblin hits you but does no damage.
You hit the goblin but do no damage. Your kick misses the goblin.
The bat hits you but does no damage. The frilled lizard closely misses you.
You hit the goblin. You claw the goblin.
You kill the goblin!
The bat hits you but does no damage.
A kobold comes into view. It is wielding a +0 whip.
The frilled lizard hisses.
The frilled lizard bites you.
The kobold shouts!
You hit the frilled lizard.
You kill the frilled lizard!
The bat hits you but does no damage.
You closely miss the bat. Your kick misses the bat.
Your headbutt misses the bat. The bat barely misses you.
The kobold throws a stone.
The stone closely misses you.
You see here a +0 spear.
Unknown command.
Your horns disappear.
Your talons disappear.
The bat hits you. The bat hits you but does no damage.
You barely miss the bat. The bat hits you but does no damage. The bat hits you.
* * * LOW HITPOINT WARNING * * *
The kobold throws a stone.
The stone hits you but does no damage. The kobold hits you with a +0 whip.
* * * LOW HITPOINT WARNING * * *
The bat closely misses you.
You hit the kobold but do no damage. The bat hits you.
* * * LOW HITPOINT WARNING * * *
The kobold hits you with a +0 whip.
You die...

.......#.....##.##≈≈.
##...#..##.###...≈..
#..#..###.# ###.###
#.#.......# #.#
##.....##.# #.#
####.....# #.#
##.).....## #.#
#.#†)...#.# #.#
#.@#...#..# #.#
#..K#K#...#####.###
#.....#####........
#...#.# ###...###
#..#...# #.#....
#.#.....# #'#####
##.......# ##≈≈≈≈≈
##..... ≈.... ≈....


You could see a kobold.

Vanquished Creatures
  A gnoll (D:1)
  A dart slug (D:1)
  2 endoplasms (D:1)
  A goblin (D:1)
  A quokka (D:1)
  A frilled lizard (D:1)
7 creatures vanquished.

Notes
Turn   | Place    | Note
-------+----------+-------------------------------------------
     0 | D:1      | Froggeryz the Demigod Transmuter began the quest for the
                  | Orb.
     0 | D:1      | Reached XP level 1. HP: 15/15 MP: 5/5
   247 | D:1      | Reached skill level 1 in Fighting
   518 | D:1      | Reached skill level 3 in Unarmed Combat
   587 | D:1      | Reached XP level 2. HP: 9/23 MP: 5/7
   602 | D:1      | Slain by a kobold

Illustrated notes

Levels and vault maps discovered:
D:1:      co_arrival_random_square_maze, layout_loops_ring, serial_shops,
          nicolae_shop_waterfront, serial_rivers,
          chequers_serial_rivers_small_b, chequers_serial_rivers_large_a,
          chequers_serial_rivers_marsh, chequers_serial_rivers_micro_e,
          chequers_serial_rivers_room_a, hangedman_decor_diamond_cutter

Skill      XL: |  1 |
---------------+----+-----
Fighting       | 1 |  1.4
Unarmed Combat | 3 |  3.3
Dodging        | |  1.7
Spellcasting   | |  1.7
Transmutations | |  1.7

Action                   || total
-------------------------++-------
Melee: Unarmed           ||    35
       Kick              ||     4
       Headbutt          ||     2
       Punch             ||     2
 Cast: Beastly Appendage ||     2
  Use: Scroll            ||     1
Armor: Robe              ||    15
Dodge: Dodged            ||    30

Table legend: (Time is in decaauts)
 A = Elapsed time spent in this place.
 B = Non-inter-level travel time spent in this place.
 C = Inter-level travel time spent in this place.
 D = Time resting spent in this place.
 E = Time spent auto-exploring this place.
 F = Levels seen in this place.
 G = Mean time per level.
                   A        B        C        D        E       F      G
               +--------+--------+--------+--------+--------+-----+--------+
         Total |    599 |    599 |      0 |      9 |    512 |   1 |  599.0 |
       Dungeon |    599 |    599 |      0 |      9 |    512 |   1 |  599.0 |
               +--------+--------+--------+--------+--------+-----+--------+

Top non-repeatable levels by time:
     D:1: 599 daAuts
